 Dungeon Crawl Stone Soup version 0.19.1-1-g22dce08 (webtiles) character file.

600 Kiturien the Chopper (level 7, -1/61 HPs)
             Began as a Minotaur Fighter on Jan 17, 2017.
             Was an Initiate of Qazlal.
             Slain by a killer bee (5 damage)
             ... on level 5 of the Dungeon.
             The game lasted 00:21:56 (3532 turns).

Kiturien the Chopper (Minotaur Fighter)             Turns: 3532, Time: 00:21:56

Health: -1/61      AC: 14    Str: 23    XL:     7   Next: 18%
Magic:  6/6        EV:  5    Int:  5    God:    Qazlal [......]
Gold:   110        SH: 10    Dex:  9    Spells: 1 memorised, 4 levels left

rFire  . . .     SeeInvis .     a - +1 war axe
rCold  + . .     Gourm    .     s - +0 plate armour
rNeg   . . .     Faith    .     c - +0 shield
rPois  .         Spirit   .     (helmet restricted)
rElec  .         Reflect  .     B - +1 cloak
rCorr  .         Harm     .     (no gloves)
MR     .....     Rnd*Tele +     (no boots)
Stlth  ..........               (no amulet)
                                r - ring of teleportation (curse)
                                l - ring of protection from cold

@: lethally poisoned (-1 -> -50)
A: retaliatory headbutt, horns 2
a: Renounce Religion


You were on level 5 of the Dungeon.
You worshipped Qazlal.
Qazlal was noncommittal.
You were not hungry.

You visited 2 branches of the dungeon, and saw 6 of its levels.

You collected 110 gold pieces.

Inventory:

Hand Weapons
 a - a +1 war axe (weapon)
 e - a +0 flail of crushing
 p - a +4 spear
 t - a +1 dagger of holy wrath
Armour
 b - a +0 scale mail
 c - a +0 shield (worn)
 s - a +0 plate armour (worn)
 B - a +1 cloak (worn)
Jewellery
 l - a ring of protection from cold (left hand)
 r - a cursed ring of teleportation (right hand)
Scrolls
 i - a scroll of teleportation {unknown}
 j - a scroll of amnesia {unknown}
 o - 2 scrolls of fog
 v - a scroll of enchant armour {unknown}
 w - a scroll of remove curse {unknown}
 x - a scroll of random uselessness {unknown}
Potions
 d - 3 potions of might
 h - a potion of lignification
 m - 2 potions of heal wounds
 n - 2 potions of curing
 u - a potion of invisibility {unknown}
 z - a potion of flight {unknown}
 A - 3 potions of agility {unknown}
Books
 q - a book of Minor Magic

   Spells                             Type                      Level
   a - Magic Dart                     Conjuration                  1
   b - Blink                          Translocation                2
   c - Call Imp                       Summoning                    2
   d - Repel Missiles                 Charms/Air                   2
   e - Slow                           Hexes                        2
   f - Conjure Flame                  Conjuration/Fire             3
   g - Mephitic Cloud                 Conjuration/Poison/Air       3
Comestibles
 f - 2 bread rations
 g - a fruit
 k - 2 meat rations


   Skills:
 * Level 5.6 Fighting
 + Level 6.1 Axes
 + Level 5.1 Armour
 + Level 0.4 Dodging
 - Level 0.3 Stealth
 + Level 5.7 Shields


You had 4 spell levels left.
You knew the following spells:

 Your Spells              Type           Power        Failure   Level  Hunger
a - Blink                 Tloc           N/A          100%        2    ###....


Dungeon Overview and Level Annotations

Branches:
Dungeon (5/15)             Temple (1/1) D:4

Altars:
Ashenzari
Cheibriados
Dithmenos
Elyvilon
Fedhas
Gozag
Hepliaklqana
Nemelex Xobeh
Qazlal
Ru
Sif Muna
Trog
Uskayaw
Vehumet
Xom
Yredelemnul
Zin
The Shining One


Innate Abilities, Weirdness & Mutations

You reflexively headbutt those who attack you in melee.
You have a pair of horns on your head.


Message History

The killer bee stings you but does no damage.
The killer bee barely misses you. The killer bee stings you.
* * * LOW HITPOINT WARNING * * *
Your plate armour prevents you from hitting the water moccasin.
The water moccasin is moderately wounded.
You closely miss the killer bee. You barely miss the killer bee.
Your shield and plate armour prevent you from hitting the killer bee.
You miss the killer bee.
* * * LOW HITPOINT WARNING * * *
You feel very sick. The killer bee stings you.
* * * LOW HITPOINT WARNING * * *
The killer bee stings you but does no damage. x2
You block the killer bee's attack. The water moccasin bites you.
* * * LOW HITPOINT WARNING * * *
You are more poisoned.
The water moccasin poisons you!
The killer bee stings you but does no damage.
You block the killer bee's attack. The killer bee stings you.
You die...

#.#.#.....##.#.......
#.#.#.###.##.#.###.#. #.#.#.#
#.##.#.....# ###########.#.#.#
#.##.#.###.#
.......<....#.#.###.#...†....#
########.##.#.#.#.#.#..#.#####[
######.##.#.#.#......[.......
.............yS>......#.......
.............@y..#.#.#######.#
......#..###.yy....#... .
......##.# ####..####### ......
#.# #..# .....S##.######..#
#....Syyy.....# #.###.y#####.##
##.# #.# #..# #.#


You could see a water moccasin and 4 killer bees.

Vanquished Creatures
  A phantom (D:4)
  2 killer bees (D:5)
  A howler monkey (D:4)
  2 hounds
  An orc priest (D:4)
  An iguana (D:4)
  An orc wizard (D:3)
  2 worker ants
  Robin (D:4)
  A gnoll (D:1)
  8 adders
  An ooze (D:2)
  An adder skeleton (D:5)
  2 dart slugs
  4 leopard geckos
  9 orcs
  2 giant cockroaches
  15 goblins
  9 hobgoblins
  2 jackals (D:4)
  2 quokkas
  7 bats
  5 frilled lizards
  8 kobolds
  6 rats
94 creatures vanquished.

Notes
Turn   | Place    | Note
-------+----------+-------------------------------------------
     0 | D:1      | Kiturien the Minotaur Fighter began the quest for the Orb.
     0 | D:1      | Reached XP level 1. HP: 19/19 MP: 0/0
    55 | D:1      | Reached XP level 2. HP: 25/27 MP: 1/1
   342 | D:1      | Reached XP level 3. HP: 33/33 MP: 2/2
   658 | D:1      | Found a glowing golden altar of the Shining One.
   761 | D:2      | Learned a level 2 spell: Blink
   856 | D:2      | Reached skill level 3 in Axes
  1246 | D:2      | Reached XP level 4. HP: 41/41 MP: 3/3
  1795 | D:3      | Reached skill level 4 in Axes
  1795 | D:3      | Reached XP level 5. HP: 14/47 MP: 4/4
  1800 | D:3      | Found a shadowy altar of Dithmenos.
  2194 | D:4      | Noticed Robin
  2215 | D:4      | Noticed a phantom
  2235 | D:4      | Killed Robin
  2273 | D:4      | Killed a phantom
  2273 | D:4      | Reached skill level 5 in Fighting
  2273 | D:4      | Reached skill level 5 in Axes
  2273 | D:4      | Reached skill level 5 in Shields
  2273 | D:4      | Reached XP level 6. HP: 31/56 MP: 5/5
  2893 | D:4      | Found a staircase to the Ecumenical Temple.
  2898 | Temple   | Entered the Ecumenical Temple
  3040 | Temple   | Became a worshipper of Qazlal Stormbringer
  3428 | D:5      | Entered Level 5 of the Dungeon
  3507 | D:5      | Noticed a water moccasin
  3528 | D:5      | Reached skill level 6 in Axes
  3528 | D:5      | Reached skill level 5 in Armour
  3528 | D:5      | Reached XP level 7. HP: 15/61 MP: 6/6
  3532 | D:5      | Slain by a killer bee

Skill      XL: |  1  2  3  4  5  6 |
---------------+-------------------+-----
Armour         | 4 5 |  5.1
Fighting       | 4 5 |  5.6
Axes           | 3 4 5 6 |  6.1
Shields        | 4 5 |  5.7
Dodging        | |  0.4
Stealth        | |  0.3

Action                   |  1- 3 |  4- 6 |  7- 9 || total
-------------------------+-------+-------+-------++-------
Melee: War axe           |    73 |   205 |     3 ||   281
       Headbutt          |    10 |    31 |       ||    41
  Use: Scroll            |     1 |     4 |       ||     5
       Potion            |       |       |     1 ||     1
  Eat: Fruit             |     1 |       |       ||     1
       Bread ration      |       |     2 |       ||     2
Armor: Scale mail        |    20 |       |       ||    20
       Plate armour      |     9 |   206 |    16 ||   231
Dodge: Dodged            |    23 |    48 |    10 ||    81
Block: Shield            |    37 |   162 |    11 ||   210
